 Dungeon Crawl Stone Soup version 0.18-a0-1186-gd02dc51 (webtiles) character file.

730 4thArraOfDagon the Firebug (level 7, -7/36 HPs)
             Began as a Deep Elf Fire Elementalist on Jan 28, 2016.
             Was an Initiate of Vehumet.
             Killed by divine providence
             ... invoked by an orc priest
              (16 damage)
             ... on level 7 of the Dungeon.
             The game lasted 00:08:46 (1157 turns).

4thArraOfDagon the Firebug (DEFE)                   Turns: 1157, Time: 00:08:46

Health: -7/36      AC:  2    Str:  3    XL:     7   Next: 44%
Magic:  4/17       EV: 13    Int: 17    God:    Vehumet [......]
Gold:   107        SH:  0    Dex: 15    Spells: 3 memorised, 9 levels left

rFire  . . .     SeeInvis .     l - +1 flail (venom)
rCold  + + .     Gourm    .     a - +0 robe
rNeg   . . .     Faith    .     (no shield)
rPois  +         Spirit   .     (no helmet)
rElec  .         Dismiss  .     (no cloak)
rCorr  .         Reflect  .     (no gloves)
SustAt .         Harm     +     (no boots)
MR     +....                    k - amulet of Pantheism {Harm *Drain rPois rC++ Int-5 Stlth+}
Stlth  +++.......               (no ring)
                                e - ring of protection from magic

@: somewhat resistant to hostile enchantments, fairly stealthy
A: hooves 1, weak 1
a: Renounce Religion


You were on level 7 of the Dungeon.
You worshipped Vehumet.
Vehumet was noncommittal.
You were not hungry.

You visited 1 branch of the dungeon, and saw 8 of its levels.
You also visited: Bailey.

You collected 107 gold pieces.

Inventory:

Hand Weapons
 l - a +1 flail of venom (weapon)
Armour
 a - a +0 robe (worn)
Jewellery
 e - a ring of protection from magic (left hand)
 k - the amulet of Pantheism (around neck) {Harm *Drain rPois rC++ Int-5 Stlth+}
   (You found it on level 5 of the Dungeon)

   [amulet of harm]

   It increases damage dealt and taken.
   It affects your intelligence (-5).
   It greatly protects you from cold.
   It protects you from poison.
   It makes you more stealthy.
Wands
 d - a wand of slowing (23/48)
Scrolls
 n - a scroll of amnesia {unknown}
Potions
 f - a potion of lignification
 h - a potion of brilliance
 o - a potion of poison
Books
 b - a book of Flames

   Spells                             Type                      Level
   a - Flame Tongue                   Conjuration/Fire             1
   b - Throw Flame                    Conjuration/Fire             2
   c - Conjure Flame                  Conjuration/Fire             3
   d - Inner Flame                    Hexes/Fire                   3
   e - Sticky Flame                   Conjuration/Fire             4
   f - Fireball                       Conjuration/Fire             5
Comestibles
 c - 4 bread rations
 g - 3 mutagenic chunks of flesh
 i - 3 meat rations
 j - a chunk of flesh


   Skills:
 - Level 2.4 Dodging
 - Level 2.4 Stealth
 + Level 5.8 Spellcasting
 * Level 5.5 Conjurations
 * Level 6.7 Fire Magic


You had 9 spell levels left.
You knew the following spells:

 Your Spells              Type           Power        Failure   Level  Hunger
a - Flame Tongue          Conj/Fire      ####.        1%          1    None
b - Conjure Flame         Conj/Fire      ####....     3%          3    ##.....
c - Sticky Flame          Conj/Fire      ####....     12%         4    ####...


Dungeon Overview and Level Annotations

Branches:
Dungeon (8/15)
 Temple: D:4-7         Lair: D:8-11

Altars:
Ashenzari
Vehumet
Yredelemnul
Zin


Innate Abilities, Weirdness & Mutations

You have large cloven feet.
You are weak. (Str -2)


Message History

Unknown command.
Casting: Flame Tongue
Confirm with . or Enter, or press ? or * to list all spells.
Aiming: Sticky Flame
Press: ? - help, Shift-Dir - straight line, f/p - hound
Aim: a hound (severely wounded)
The sticky flame hits the hound.
The hound is almost dead.
The hound is covered in liquid flames!
The hound burns!
You kill the hound!
Vehumet accepts your kill.
Unknown command.
There is a stone staircase leading down here.
You climb downwards.
An orc, 2 orc priests and 2 orc wizards come into view.
The orc wizard shouts!
The orc priest shouts!
The orc shouts!
The orc priest shouts!
The orc priest invokes the aid of Beogh against you.
Something smites you!
You die...

........... ........###
............
.#.....####.#
.........##..##########
..........##..........#
#.......#.##..........#
.......## ##..........#
......## #.?.o@.....#
####### #....o.....#
#.o........#
#.oo........#
#####......?# #.......#
#.......# ###.#####


You could see 2 orc priests, 2 orc wizards and an orc.

Vanquished Creatures
  Edmund (D:6)
  A sky beast (D:6)
  A wasp (D:8)
  2 giant frogs (D:6)
  A giant frog skeleton (D:4)
  An orc wizard (D:5)
  An orc priest (D:5)
  4 hounds
  A centaur skeleton (D:6)
  A worker ant (D:7)
  3 adders
  A giant gecko (D:3)
  5 orcs
  6 goblins
  3 hobgoblins (D:3)
  2 kobolds
  2 bats
  A giant cockroach zombie (D:6)
  2 giant newts (D:3)
  A quokka skeleton (D:6)
40 creatures vanquished.

Notes
Turn   | Place    | Note
--------------------------------------------------------------
     0 | D:1      | 4thArraOfDagon the Deep Elf Fire Elementalist began the quest for the Orb.
     0 | D:1      | Reached XP level 1. HP: 10/10 MP: 6/6
    97 | D:2      | Reached XP level 2. HP: 15/15 MP: 5/8
   179 | D:3      | Reached skill level 4 in Fire Magic
   191 | D:3      | Reached XP level 3. HP: 19/19 MP: 1/9
   196 | D:3      | Learned a level 3 spell: Conjure Flame
   342 | D:4      | Noticed a scorpion
   365 | D:5      | Entered Level 5 of the Dungeon
   369 | D:5      | Reached XP level 4. HP: 24/24 MP: 7/11
   376 | D:5      | Learned a level 4 spell: Sticky Flame
   379 | D:5      | Got a smoking brass amulet
   380 | D:5      | Identified the amulet of Pantheism {Harm *Drain rPois rC++ Int-5 Stlth+} (You found it on level 5 of the Dungeon)
   386 | D:5      | money fuckin wasted
   454 | D:6      | Noticed an ogre
   494 | D:6      | Noticed Edmund
   521 | D:7      | Noticed a sky beast
   551 | D:7      | Reached XP level 5. HP: 18/28 MP: 3/13
   632 | D:7      | Found a basalt altar of Yredelemnul.
   635 | D:7      | Found a glowing silver altar of Zin.
   640 | D:7      | Found a radiant altar of Vehumet.
   645 | D:7      | Became a worshipper of Vehumet
   652 | D:7      | Found a shattered altar of Ashenzari.
   686 | D:7      | Noticed a centaur
   690 | D:8      | Noticed a wasp
   713 | D:8      | Found a flagged portal.
   734 | Bailey   | Entered a bailey
   764 | Bailey   | Gained mutation: You have large cloven feet. [potion of mutation]
   764 | Bailey   | Gained mutation: You are weak. (Str -2) [potion of mutation]
   781 | D:8      | Killed a wasp
   781 | D:8      | Reached skill level 5 in Fire Magic
   812 | D:8      | Reached XP level 6. HP: 28/32 MP: 5/15
   893 | D:5      | Noticed a slave
   961 | D:5      | Noticed a slave
   970 | D:5      | Reached skill level 5 in Spellcasting
  1000 | D:5      | Noticed a slave
  1021 | D:6      | Killed Edmund
  1021 | D:6      | Reached skill level 6 in Fire Magic
  1021 | D:6      | Reached XP level 7. HP: 13/36 MP: 3/16
  1071 | D:6      | Reached skill level 5 in Conjurations
  1086 | D:6      | HP: 1/54 [sky beast (6)]
  1101 | D:6      | pedritolo: jesus :)
  1157 | D:7      | Killed from afar by an orc priest

Vault maps used:
D:1:      ncdulo_smallfort
D:2:      xom_teletrap_fun, uniq_robin
D:3:      overflow_temple_1_default, minmay_three_crescents
D:4:      minmay_goblin_kobold_house, uniq_duvessa
D:5:      kennysheep_six_static_rooms, nicolae_overflow_crystal_walls,
          first_bread, minmay_misc_feat_chi, cheibriados_altar_wand_db,
          uniq_pikel
D:6:      uniq_crazy_yiuf_cottage, uniq_edmund
D:7:      old_standard_altar, grunt_temple_overflow_octagram, temple_doors_e
D:8:      enter_bailey_3, basic_altar, david_nohive_1
Bailey:   bailey_axe_3, bailey

Action                   |  1- 3 |  4- 6 |  7- 9 || total
-------------------------+-------+-------+-------++-------
Melee: Whip              |    10 |       |       ||    10
       Flail             |       |       |    13 ||    13
 Cast: Flame Tongue      |    21 |    39 |     5 ||    65
       Conjure Flame     |     1 |     2 |     1 ||     4
       Sticky Flame      |       |     4 |     3 ||     7
Evoke: Wand              |       |       |     1 ||     1
  Use: Scroll            |     1 |     4 |     1 ||     6
       Potion            |       |     4 |     1 ||     5
 Stab: Sleeping          |       |       |     1 ||     1
  Eat: Chunk             |       |     1 |     1 ||     2
